 Dungeon Crawl Stone Soup version 0.27.1-34-g3ba077fa99 (webtiles) character file.

Game seed: 13531364950247805374

88 Delamore the Sneak (level 4, -3/29 HPs)
             Began as an Octopode Brigand on Feb 17, 2022.
             Killed from afar by an orc wizard (7 damage)
             ... with a puff of flame
             ... on level 3 of the Dungeon.
             The game lasted 00:01:59 (2377 turns).

Delamore the Sneak (Octopode Brigand)               Turns: 2377, Time: 00:02:00

Health: -3/29      AC:  1    Str: 10    XL:     4   Next: 53%
Magic:  4/4        EV: 12    Int: 13    God:
Gold:   87         SH:  0    Dex: 14    Spells: 3/3 levels left

rFire    . . .     SeeInvis .   d - +2 dagger (venom)
rCold    . . .     Faith    .   (no shield)
rNeg     . . .     Spirit   .   (helmet restricted)
rPois    .         Reflect  .   (no amulet)
rElec    .         Harm     .   (no ring)
rCorr    .         Rampage  .   (no ring)
Will     .....                  (no ring)
Stlth    +++++.....             (no ring)
HPRegen  0.09/turn              (no ring)
MPRegen  0.09/turn              (no ring)
                                (no ring)
                                (no ring)

@: no status effects
A: almost no armour, amphibious, 8 rings, camouflage 1, gelatinous body 1,
(nimble swimmer 1), tentacles
a: no special abilities


You were on level 3 of the Dungeon.
You visited 1 branch of the dungeon, and saw 3 of its levels.

You collected 87 gold pieces.

Inventory:

Hand Weapons
 a - a +2 dagger
 d - a +2 dagger of venom (weapon)
 f - a +0 rapier
Missiles
 b - 8 poisoned darts (quivered)
 c - 2 curare-tipped darts
 h - a throwing net
Wands
 j - a wand of flame (11)
Scrolls
 e - a scroll of teleportation
 g - a scroll of identify
 i - a scroll of immolation


   Skills:
 - Level 2.0 Fighting
 + Level 3.0 Short Blades
 - Level 2.0 Throwing
 - Level 1.0 Dodging
 * Level 7.3 Stealth


You had 3 spell levels left.
You didn't know any spells.
Your spell library contained the following spells:

 Spells                   Type           Power      Damage    Failure   Level
 Beastly Appendage        Tmut           0%         N/A       30%         1
 Static Discharge         Conj/Air       0%         N/A       43%         2
 Wereblood                Tmut           0%         N/A       43%         2
 Spider Form              Tmut/Pois      0%         N/A       67%         3
 Lightning Bolt           Conj/Air       0%         1d11      100%        5
 Maxwell's Capacitive Co  Air            0%         ∞         100%        8


Dungeon Overview and Level Annotations

Branches:
Dungeon (3/15)

Altars:

Shops:
D:1 !


Innate Abilities, Weirdness & Mutations

You cannot wear most types of armour.
You are amphibious.
You can wear up to eight rings at the same time.
Your skin changes colour to match your surroundings (Stealth+).
Your rubbery body absorbs attacks. (AC +1, EV +1)
((You are camouflaged near water. (Stealth+)))
You have tentacles for arms and can constrict up to eight enemies at once.


Message History

You constrict the orc, but do no damage.
The hobgoblin barely misses you.
You hit the orc.
The orc looks as sick as possible!
The orc is severely wounded.
You constrict the orc, but do no damage.
The orc misses you.
You hit the hobgoblin but do no damage. You grab the hobgoblin.
You squeeze the hobgoblin.
You kill the hobgoblin!
You constrict the orc, but do no damage.
The orc hits you with a +0 whip.
You hit the orc but do no damage.
The orc is poisoned.
You grab the orc. You squeeze the orc.
The orc is heavily wounded.
You constrict the orc.
You kill the orc!
You constrict the orc, but do no damage.
The orc completely misses you. Something barely misses you.
You hit the orc but do no damage.
The orc looks as sick as possible!
The orc is heavily wounded.
You constrict the orc.
The orc drinks a potion.
The orc is healed!
You hit the orc.
The orc looks as sick as possible!
The orc is heavily wounded.
You constrict the orc.
You kill the orc!
Something hits you.
* * * LOW HITPOINT WARNING * * *
You hit the dart slug.
The dart slug is poisoned.
Your grab misses the dart slug.
The dart slug is lightly wounded.
Something hits you.
* * * LOW HITPOINT WARNING * * *
The dart slug barely misses you.
You aren't carrying any potions.
You hit the dart slug.
You kill the dart slug!
You hear some strange, mumbled words.
A puff of flame appears from out of thin air!
The puff of flame hits you!
You die...

###.####..## #.#.<.....
..... #..# #.#.###### ..
..#.## #####'#'###### .#
#............. .
#............. #.
#............. #.#
#.............
#.(####.............
#.)@................
......{?................
.###....................
................>.....
###..................
########..........
#......... #....!.S.


There were no monsters in sight!

Vanquished Creatures
  3 adders
  2 worms
  2 dart slugs
  4 orcs (D:3)
  5 endoplasms
  2 giant cockroaches (D:2)
  2 hobgoblins
  2 jackals (D:1)
  5 quokkas
  3 ball pythons
  3 bats
  3 frilled lizards
  2 goblins (D:2)
  4 kobolds
  8 rats
50 creatures vanquished.

Notes
Turn   | Place    | Note
-------+----------+-------------------------------------------
     0 | D:1      | Delamore the Octopode Brigand began the quest for the Orb.
     0 | D:1      | Reached XP level 1. HP: 14/14 MP: 1/1
   237 | D:1      | Found Noqofuk's Distillery.
   301 | D:1      | Reached XP level 2. HP: 19/19 MP: 2/2
   525 | D:1      | Reached skill level 6 in Stealth
   639 | D:1      | Found a faded altar of an unknown god.
  1320 | D:2      | Reached XP level 3. HP: 24/24 MP: 3/3
  1892 | D:2      | Reached XP level 4. HP: 24/29 MP: 4/4
  1998 | D:2      | Reached skill level 7 in Stealth
  2377 | D:3      | Killed from afar by an orc wizard

Illustrated notes

Levels and vault maps discovered:
D:1:      eino_arrival_cavern_b, layout_loops_ring, serial_shops,
          nicolae_shop_behind_doors, dreamdust_ecumenical_altar_grove
D:2:      layout_loops_ring, grunt_decor_one_mirror
D:3:      layout_basic, chequers_temple_overflow_minitemple, old_standard_altar

Skill      XL: |  1  2  3  4 |
---------------+-------------+-----
Stealth        | 6 7 |  7.3
Short Blades   | 3 |  3.0
Fighting       | |  2.0
Throwing       | |  2.0
Dodging        | |  1.0

Action                   |  1- 3 |  4- 6 || total
-------------------------+-------+-------++-------
Melee: Dagger            |    55 |    27 ||    82
       Tentacles         |     3 |     6 ||     9
       Constrict         |     8 |     8 ||    16
  Use: Scroll            |     1 |     2 ||     3
 Stab: Sleeping          |    22 |     4 ||    26
Armor: Skin              |     4 |     3 ||     7
Dodge: Dodged            |    13 |    18 ||    31
